 Dungeon Crawl Stone Soup version 0.24-a0-264-gf46a388 (webtiles) character file.

Game seed: 14869243891554572537

64 MatthieuS the Magician (level 3, -1/26 HPs)
             Began as a Draconian Wizard on Apr 20, 2019.
             Killed by divine providence
             ... invoked by an orc priest
              (13 damage)
             ... on level 2 of the Dungeon.
             The game lasted 00:03:35 (2184 turns).

MatthieuS the Magician (Draconian Wizard)           Turns: 2184, Time: 00:03:35

Health: -1/26      AC:  8    Str:  6 (9)  XL:     3   Next: 91%
Magic:  0/8        EV: 12    Int: 17 (19) God:
Gold:   189        SH:  0    Dex:  7 (9)  Spells: 8/9 levels left

rFire    . . .     SeeInvis .   o - -1 dagger (curse)
rCold    . . .     Gourm    .   (no shield)
rNeg     . . .     Faith    .   (armour unavailable)
rPois    .         Spirit   .   a - +0 hat
rElec    .         Reflect  .   g - +2 cloak
rCorr    .         Harm     .   (no gloves)
MR       .....                  (no boots)
Stlth    +.........             (no amulet)
HPRegen  0.08/turn              (no ring)
MPRegen  0.11/turn              (no ring)

@: very slightly contaminated
A: unfitting armour, cold-blooded, AC +5
a: no special abilities


You were on level 2 of the Dungeon.
You were hungry.

You visited 1 branch of the dungeon, and saw 3 of its levels.

You collected 189 gold pieces.

Inventory:

Hand Weapons
 o - a cursed -1 dagger (weapon)
   (You found it on level 2 of the Dungeon)
Armour
 a - a +0 hat (worn)
 g - a +2 cloak (worn)
   (You found it on level 1 of the Dungeon)
Scrolls
 b - a scroll of amnesia {unknown}
 d - a scroll of magic mapping {unknown}
 f - 2 scrolls of identify {unknown}
 i - 4 scrolls of enchant weapon {unknown}
 k - a scroll of enchant armour {unknown}
 n - 2 scrolls of remove curse {unknown}
 p - a scroll of noise {unknown}
 r - a scroll of fear {unknown}
 s - a scroll of random uselessness {unknown}
Potions
 c - a potion of lignification {unknown}
 j - a potion of heal wounds {@q2}
 l - 2 potions of brilliance {unknown}
 m - a potion of degeneration {!q}
Comestibles
 e - 3 rations


   Skills:
 - Level 1.7 Dodging
 - Level 1.7 Stealth
 + Level 3.8 Spellcasting
 + Level 2.7 Conjurations
   Level 1.0 Summonings
   Level 1.0 Translocations


You had 8 spell levels left.
You knew the following spells:

 Your Spells              Type           Power        Failure   Level  Hunger
a - Magic Dart            Conj           ##..         5%          1    None

Your spell library contained the following spells:

 Spells                   Type           Power        Failure   Level  Hunger
 Blink                    Tloc           N/A          16%         2    ##.....
 Call Imp                 Summ           #.......     16%         2    ##.....
 Slow                     Hex            #.......     24%         2    ##.....
 Conjure Flame            Conj/Fire      #.......     26%         3    ###....
 Mephitic Cloud           Conj/Pois/Air  #.......     32%         3    ###....


Dungeon Overview and Level Annotations

Branches:
Dungeon (3/15)

Altars:
The Shining One


Innate Abilities, Weirdness & Mutations

Your plain brown scales are hard. (AC +5)
You cannot fit into any form of body armour.
You are cold-blooded and may be slowed by cold attacks.


Message History

You completely miss the orc. The orc closely misses you.
You barely miss the orc. The orc closely misses you.
You strike the helpless orc from behind!
You hit the orc. The orc closely misses you.
You hit the orc but do no damage.
You tail-slap the orc, but do no damage.
The orc barely misses you.
You hit the orc.
Your tail-slap misses the orc.
The orc closely misses you.
You hit the orc but do no damage. The orc barely misses you.
You hit the orc.
You flicker for a moment.
The orc barely misses you.
You hit the orc but do no damage. The orc misses you.
You closely miss the orc. The orc hits you but does no damage.
You hit the orc but do no damage.
The orc priest calls down the wrath of Beogh upon the orc.
The orc writhes in agony!
The orc dies!
Unknown command.
You hit the orc but do no damage. The orc closely misses you.
You hit the orc.
You flicker back into view.
The orc priest looks encouraged for a moment.
You barely miss the orc. The orc hits you but does no damage.
The orc priest looks satisfied for a moment.
You hit the orc but do no damage. The orc misses you.
Unknown command.
You hit the orc. The orc misses you.
You hit the orc. The orc hits you but does no damage.
Aim: an orc priest, wielding a +0 whip (moderately wounded)
The magic dart hits the orc.
You kill the orc!
The orc priest mumbles some strange prayers to Beogh against you.
You barely resist.
Aim: an orc priest, wielding a +0 whip (moderately wounded)
The magic dart hits the orc priest.
Aim: an orc priest, wielding a +0 whip (moderately wounded)
The magic dart hits the orc priest.
The orc priest miscasts a cantrip.
Aim: an orc priest, wielding a +0 whip (heavily wounded)
The magic dart hits the orc priest but does no damage.
The orc priest hits you but does no damage.
Aim: an orc priest, wielding a +0 whip (heavily wounded)
The magic dart hits the orc priest.
The orc priest hits you with a +0 whip.
* * * LOW HITPOINT WARNING * * *
You hit the orc priest.
The orc priest invokes the aid of Beogh against you.
Beogh smites you!
Ouch! That really hurt!
You die...

##(......## ##.##.# ##..####.
#.......>.# #..##.# ##...##.
#.........# #.###.# ###.##.
#......>..###.# #.##### #....
#.........##..# #.....# ###..
##.........##.## #####.# ###
#..........##.# #.# ##
####.........o##.# #.## #.
..............##@# #..# #.
..............##o# ##.# #.
.............o...#########.## #.
..รทรท........................####.
.)..........###..#########.......
.##############..## #.####.. ##
#....# #.# ##.# #....# #.###..#
#....# #..#..##


You could see an orc priest.

Vanquished Creatures
  2 adders (D:2)
  A worm (D:2)
  2 dart slugs (D:2)
  2 leopard geckos
  An orc (D:2)
  2 giant cockroaches (D:2)
  6 goblins
  6 hobgoblins
  A bat (D:1)
  2 frilled lizards
  3 kobolds (D:2)
  5 rats
33 creatures vanquished.

Vanquished Creatures (others)
  An orc (D:2)
1 creature vanquished.

Grand Total: 34 creatures vanquished

Notes
Turn   | Place    | Note
-------+----------+-------------------------------------------
     0 | D:1      | MatthieuS the Draconian Wizard began the quest for the Orb.
     0 | D:1      | Reached XP level 1. HP: 14/14 MP: 4/4
   297 | D:1      | Reached XP level 2. HP: 20/20 MP: 0/6
  1194 | D:2      | Reached XP level 3. HP: 26/26 MP: 1/8
  1497 | D:2      | Found a glowing golden altar of the Shining One.
  2141 | D:2      | HP: 1/26 [orc/+0 hand axe (4)]
  2184 | D:2      | Killed from afar by an orc priest

Levels and vault maps discovered:
D:1:      lightli_arrival_windingriver, layout_basic, hex_tiny
D:2:      layout_rooms, nicolae_tso_carved_into_rock, first_ration
D:3:      layout_basic, serial_glass, glass_columns_a, glass_columns_a,
          glass_columns_a, glass_columns_a, glass_columns_a, glass_columns_b,
          mrwooster_statue_mirror, cheibrodos_gnoll_hut

Skill      XL: |  1  2 |
---------------+-------+-----
Conjurations   | 2 |  2.7
Dodging        | |  1.7
Stealth        | |  1.7
Spellcasting   | |  3.8
Summonings     | |  1.0
Translocations | |  1.0

Action                   || total
-------------------------++-------
Melee: Unarmed           ||     9
       Dagger            ||    87
       Tailslap          ||     6
 Cast: Magic Dart        ||    94
  Use: Potion            ||     3
 Stab: Invisible         ||     1
  Eat: Chunk             ||     3
Armor: Skin              ||    45
Dodge: Dodged            ||    89

Table legend:
 A = Non-vault XP
 B = Vault XP
 C = Vault XP percentage of total XP
 D = Non-vault monster count
 E = Vault monster count
 F = Vault count percentage of total count
                 A         B        C        D         E       F
            +---------+---------+-------+---------+---------+-------
      Total |      92 |       0 |   0.0 |      34 |       0 |   0.0
            +---------+---------+-------+---------+---------+-------
        D:1 |      18 |       0 |   0.0 |      11 |       0 |   0.0
        D:2 |      74 |       0 |   0.0 |      23 |       0 |   0.0
            +---------+---------+-------+---------+---------+-------
